cohdb
Replays
Latest Replays
All Replays
Popular Replays
Top Player Replays
Match Explorer
How It Works
Community
CoH3 Stats
Reddit
Sign in to upload your games and track your stats! →
Sign in with Steam
Match 44719236
Unlisted
Match 44719236
Overview
Messages
Build Orders
End
Pioneer Squad
Construct Infanterie Kompanie
Grenadier Squad
Selects Breakthrough Battlegroup
Selects Assault Grenadiers
Grenadier Squad
Medical Station
Grenadier Squad
Construct Panzergrenadier Kompanie
Selects Breakthrough
Construct Luftwaffe Kompanie
Jäger Squad
Support Elements
Selects Breakthrough
Selects Mechanized Assault Group
Mechanized Assault Group
Wirbelwind Flakpanzer
Pioneer Squad
Wirbelwind Flakpanzer
Selects Rapid Production
Selects Blitzkrieg
Franja_GAza.peek bandit.gg
Bootyquake
0
0
Comments
sign in to comment!
No comments posted yet!